 Dungeon Crawl Stone Soup version 0.27-a0-1149-g4505690ab0 (webtiles) character file.

Game seed: 17326667491399282107

2 Snikeer the Covert (level 1, -1/23 HPs)
             Began as a Gnoll Delver on May 12, 2021.
             Slain by a worm (4 damage)
             ... on level 3 of the Dungeon.
             The game lasted 00:00:38 (79 turns).

Snikeer the Covert (Gnoll Delver)                     Turns: 79, Time: 00:00:38

Health: -1/23      AC:  3    Str: 11    XL:     1   Next: 30%
Magic:  1/1        EV: 13    Int:  9    God:
Gold:   0          SH:  0    Dex: 13    Spells: 0/0 levels left

rFire    . . .     SeeInvis .   a - +0 mace
rCold    . . .     Faith    .   (no shield)
rNeg     . . .     Spirit   .   b - +0 leather armour
rPois    .         Reflect  .   (no helmet)
rElec    .         Harm     .   (no cloak)
rCorr    .         Rampage  .   (no gloves)
Will     .....                  (no boots)
Stlth    ++++......             (no amulet)
HPRegen  0.07/turn              (no ring)
MPRegen  0.07/turn              (no ring)

@: no status effects
A: fangs 1, strong nose, distributed training
a: no special abilities


You were on level 3 of the Dungeon.
You visited 1 branch of the dungeon, and saw 3 of its levels.

Inventory:

Hand Weapons
 a - a +0 mace (weapon)
Missiles
 e - 27 sling bullets
Armour
 b - a +0 leather armour (worn)
Wands
 d - a wand of digging (3)
Scrolls
 c - a scroll of fog
 f - a scroll of teleportation {unknown}
 E - a scroll of fear
 X - a scroll of magic mapping {@r4!r}
Potions
 H - a potion of haste


   Skills:
 + Level 6.4 Fighting
 + Level 0.0 Short Blades
 + Level 0.0 Long Blades
 + Level 0.0 Axes
 + Level 4.4 Maces & Flails
 + Level 0.0 Polearms
 + Level 0.0 Staves
 + Level 0.0 Slings
 + Level 0.0 Bows
 + Level 0.0 Crossbows
 + Level 0.0 Throwing
 + Level 0.0 Armour
 + Level 4.4 Dodging
 + Level 9.5 Stealth
 + Level 0.0 Shields
 + Level 0.0 Unarmed Combat
 + Level 0.0 Spellcasting
 + Level 0.0 Conjurations
 + Level 0.0 Hexes
 + Level 0.0 Summonings
 + Level 0.0 Necromancy
 + Level 0.0 Translocations
 + Level 0.0 Transmutations
 + Level 0.0 Fire Magic
 + Level 0.0 Ice Magic
 + Level 0.0 Air Magic
 + Level 0.0 Earth Magic
 + Level 0.0 Poison Magic
 + Level 0.1 Invocations
 + Level 0.0 Evocations


You couldn't memorise any spells.
You didn't know any spells.
Your spell library was empty.

Dungeon Overview and Level Annotations

Branches:
Dungeon (5/15)
 Temple: D:4-7

Altars:


Innate Abilities, Weirdness & Mutations

You have very sharp teeth.
Your uncanny sense of smell can sniff out nearby items.
Your experience applies equally to all skills.


Message History

Welcome, Snikeer the Gnoll Delver.
Will you prevail where others failed? Will you find the Orb of Zot?
Press ? for a list of commands and other information.
Found 16 arrows.
Found a stone staircase leading down and two stone staircases leading up.
Unknown command.
There is a stone staircase leading up here.
You climb upwards. 2 jackals, 2 orcs and 2 orc wizards come into view.
An orc wizard is wielding a +0 dagger of holy wrath.
The orc shouts!
The orc wizard shouts!
The jackal barks!
You hear a shout!
You hear an angry hiss.
The orc wizard shouts!
Found a stone staircase leading up.
There is a stone staircase leading down here.
The orc wizard points at you and mumbles some strange words.
You resist with significant effort.
You climb downwards.
There is a stone staircase leading up here.
There is a stone staircase leading down here.
There is a stone staircase leading up here.
You climb upwards.
A black bear and a skeleton come into view.
Found a stone staircase leading up.
There is a stone staircase leading down here.
There is a stone staircase leading up here.
You climb upwards.
A giant cockroach comes into view.
There is a stone staircase leading down here.
The helpless giant cockroach fails to defend itself.
You hit the giant cockroach. The giant cockroach misses you.
The giant cockroach barely misses you.
You hit the giant cockroach.
The giant cockroach bites you but does no damage.
You hit the giant cockroach but do no damage.
The giant cockroach barely misses you. The giant cockroach closely misses you.
You hit the giant cockroach.
No target in view!
You don't know any spells.
Your library has no spells.
e - 27 sling bullets
f - a scroll labelled CEFURE POISTO A kobold comes into view.
It is wielding a +0 club and quivering poisoned darts.
A worm comes into view.
The kobold shouts!
The kobold throws a poisoned dart.
The poisoned dart closely misses you.
The kobold throws a poisoned dart.
The poisoned dart barely misses you. The kobold hits you but does no damage.
You sock the kobold!
Things that are here:
a +0 club; 4 poisoned darts; a kobold corpse You hit the worm.
The worm barely misses you.
You barely miss the worm. You barely miss the worm. The worm barely misses you.
You thump the worm! The worm bites you.
You take 1 damage, and have 22/23 hp.
You hit the worm but do no damage. You hit the worm.
The worm closely misses you.
You hit the worm but do no damage. The worm bites you!
You take 10 damage, and have 12/23 hp.
MASSIVE DAMAGE!!
You are too injured to fight recklessly!
You are too injured to fight recklessly!
You are too injured to fight recklessly!
You are too injured to fight recklessly!
You hit the worm. Your bite misses the worm. You hit the worm but do no damage.
The worm bites you!
* * * LOW HITPOINT WARNING * * *
You take 9 damage, and have 3/23 hp.
MASSIVE DAMAGE!!
You hit the worm. The worm bites you.
You die...

.....#. .......
.......##...... #.
........#..... #.
..........##.#
#.####...#.#.##.#
...##...#...##.#
..............####+#
#.#w..##.#.###......
#.#@...#.### #......
#........# #......
###+###### #......
#...... #......
####... #.## #.# #.#


You could see a worm.

Vanquished Creatures
  A giant cockroach (D:3)
  A kobold (D:3)
2 creatures vanquished.

Notes
Turn   | Place    | Note
-------+----------+-------------------------------------------
     0 | D:5      | Reached skill level 9 in Stealth
     0 | D:5      | Snikeer the Gnoll Delver began the quest for the Orb.
     0 | D:5      | Reached XP level 1. HP: 23/23 MP: 1/1
     4 | D:4      | Noticed an orc wizard
     4 | D:4      | Noticed an orc wizard
    15 | D:4      | Noticed a black bear
    78 | D:3      | HP: 3/23 [worm (9)]
    79 | D:3      | Slain by a worm

Illustrated notes

Levels and vault maps discovered:
D:3:      layout_basic
D:4:      wad_river_or_something, layout_cave_pods, minmay_temple_entry_slanted,
          minmay_misc_feat_rugged, minmay_mini_ossuary
D:5:      minmay_opposing_rooms, layout_cave_pods, gammafunk_ghost_nasty_kobolds

Skill      XL: | |
---------------+-+-----
Stealth        | |  9.5
Fighting       | |  6.4
Maces & Flails | |  4.4
Dodging        | |  4.4
Invocations    | |  0.1

Action                   || total
-------------------------++-------
Melee: Mace              ||    15
 Stab: Sleeping          ||     1
Armor: Leather armour    ||     2
Dodge: Dodged            ||     9

Table legend: (Time is in decaauts)
 A = Elapsed time spent in this place.
 B = Non-inter-level travel time spent in this place.
 C = Inter-level travel time spent in this place.
 D = Time resting spent in this place.
 E = Time spent auto-exploring this place.
 F = Levels seen in this place.
 G = Mean time per level.
                   A        B        C        D        E       F      G
               +--------+--------+--------+--------+--------+-----+--------+
         Total |     81 |     71 |     10 |      0 |     23 |   3 |   27.0 |
       Dungeon |     81 |     71 |     10 |      0 |     23 |   3 |   27.0 |
               +--------+--------+--------+--------+--------+-----+--------+

Top non-repeatable levels by time:
     D:3: 63 daAuts
     D:5: 13 daAuts
     D:4: 5 daAuts

Table legend:
 A = Kills in this place as a percentage of kills in entire the game.
 B = Kills by you in this place as a percentage of kills by you in the entire game.
 C = Kills by friends in this place as a percentage of kills by friends in the entire game.
 D = Other kills in this place as a percentage of other kills in the entire game.
 E = Experience gained in this place as a percentage of experience gained in the entire game.
 F = Experience gained in this place divided by the number of levels of this place that you have seen.
                   A       B       C       D       E      F
               +-------+-------+-------+-------+-------+----------------------
         Total | 100.0 | 100.0 |   N/A |   N/A | 100.0 |   1.0
       Dungeon | 100.0 | 100.0 |   N/A |   N/A | 100.0 |   1.0
               +-------+-------+-------+-------+-------+----------------------
